 Dungeon Crawl Stone Soup version 0.23-a0-108-gf7ee2ed (webtiles) character file.

64 GrunderHorse the Ducker (level 3, -2/15 HPs)
             Began as a Felid Transmuter on Aug 21, 2018.
             Slain by a goblin
             ... wielding a +0 club
             ... led by Robin
              (6 damage)
             ... on level 2 of the Dungeon.
             The game lasted 00:02:32 (2050 turns).

GrunderHorse the Ducker (Felid Transmuter)          Turns: 2050, Time: 00:02:32

Health: -2/15      AC:  1    Str:  7    XL:     3   Next: 91%
Magic:  7/7        EV: 20    Int: 14    God:
Gold:   91         SH:  0    Dex: 16    Spells: 5/6 levels left
                                        Lives:  0   Deaths: 0

rFire    . . .     SeeInvis +     - Unarmed
rCold    . . .     Gourm    .   (shield unavailable)
rNeg     . . .     Faith    .   (armour unavailable)
rPois    .         Spirit   .   (helmet unavailable)
rElec    .         Reflect  .   (cloak unavailable)
rCorr    .         Harm     .   (gloves unavailable)
MR       .....                  (boots unavailable)
Stlth    +++.......             (no amulet)
HPRegen  0.05/turn              (no ring)
MPRegen  0.10/turn              (no ring)

@: appendage (expiring), very slightly contaminated, invisible, quick
A: very small, no armour, no weapons or thrown items, stealth, claws 1, fangs 3,
horns 2, see invisible, carnivore, speed 1, shaggy fur 1, slow metabolism 1,
sharp paws
a: End Transformation


You were on level 2 of the Dungeon.
You were completely stuffed.
You had grown temporary horns.
You visited 1 branch of the dungeon, and saw 2 of its levels.

You collected 91 gold pieces.

Inventory:

Missiles
 a - 12 arrows
Scrolls
 b - 4 scrolls of identify {unknown}
 d - a scroll of blinking {unknown}
 f - a scroll of magic mapping {unknown}
 h - a scroll of remove curse {unknown}
 l - a scroll of teleportation {unknown}
Potions
 i - 2 potions of degeneration {unknown}
 k - a potion of magic {unknown}
 m - a potion of flight {unknown}
Comestibles
 c - 8 rations
 j - 7 chunks of flesh


   Skills:
 - Level 1.0 Fighting
 + Level 4.6 Dodging
 + Level 3.3 Stealth
 - Level 3.0 Unarmed Combat
 - Level 2.0 Spellcasting
 - Level 2.1 Transmutations


You had 5 spell levels left.
You knew the following spells:

 Your Spells              Type           Power        Failure   Level  Hunger
a - Beastly Appendage     Tmut           #.....       10%         1    ##.....

Your spell library contained the following spells:

 Spells                   Type           Power        Failure   Level  Hunger
 Sticks to Snakes         Tmut           #.......     14%         2    ###....
 Spider Form              Tmut/Pois      #.........   41%         3    ####...
 Ice Form                 Ice/Tmut       #.......     83%         4    #####..
 Blade Hands              Tmut           #.........   95%         5    ######.


Dungeon Overview and Level Annotations

Branches:
Dungeon (2/15)

Altars:
Dithmenos

Annotations:
D:2 1 runed door, Robin


Innate Abilities, Weirdness & Mutations

You cannot wear armour.
You are incapable of wielding weapons or throwing items.
Your paws allow you to move quietly. (Stealth)
You have sharp claws.
You have razor-sharp teeth.
You have supernaturally acute eyesight. (SInv)
You are carnivorous and can eat meat at any time.
You cover ground quickly.
You are covered in fur. (AC +1)
You have a slow metabolism.
Your sharp claws are effective at attacking unaware monsters.
You have a pair of horns on your head.


Message History

You scratch the hobgoblin.
You kill the hobgoblin!
Robin says, "Duck!"
You scratch the goblin.
You kill the goblin!
You scratch the goblin but do no damage.
Your headbutt misses the goblin. The goblin barely misses you.
Robin throws the goblin at you! The goblin closely misses you.
You closely miss the goblin. You bite the goblin.
The goblin is severely wounded.
You catch the helpless goblin completely off-guard!
You claw the goblin!
You kill the goblin!
The goblin no longer looks unusually strong.
The goblin barely misses you.
Robin roars a battlecry!
The goblin goes into a battle-frenzy!
You barely miss the goblin. Your bite misses the goblin.
The goblin hits you with a club.
You die...

###
#####..##########.#####+#
#.. ##..##..........# #..
##............# ###
###.........# #
##.......# # #.......#
####....+ ##########...#
#....ggr@g.###
#....g.###..# # #.....##
##.# #. #.....#### .# #..
#......... .. #...
#.)...#### ..# .....
#..g..# ... .....
##...... .# ..######


You could see Robin, 3 goblins and a rat.

Vanquished Creatures
  2 adders (D:2)
  A dart slug (D:1)
  A leopard gecko (D:2)
  A ball python (D:2)
  3 giant cockroaches
  9 goblins
  10 hobgoblins
  2 bats (D:2)
  3 frilled lizards
  2 kobolds
  6 rats (D:1)
40 creatures vanquished.

Notes
Turn   | Place    | Note
-------+----------+-------------------------------------------
     0 | D:1      | GrunderHorse the Felid Transmuter began the quest for the Orb.
     0 | D:1      | Reached XP level 1. HP: 9/9 MP: 4/4
    45 | D:1      | Reached skill level 3 in Dodging
   335 | D:1      | Reached skill level 1 in Stealth
   454 | D:1      | Reached XP level 2. HP: 12/12 MP: 4/6
  1497 | D:2      | Reached skill level 4 in Dodging
  1497 | D:2      | Reached XP level 3. HP: 15/15 MP: 5/7
  1949 | D:2      | Found a runed door.
  1969 | D:2      | Found a shadowy altar of Dithmenos.
  2026 | D:2      | Noticed Robin
  2050 | D:2      | Slain by a goblin

Vault maps used:
D:1:      eino_arrival_cavern_a, minivault_27, grunt_decor_fettered,
          st_stairs_14
D:2:      nicolae_overflow_crystal_walls, amethyst_overflow_temple_binary,
          first_ration, dk_noncrumbling_3, hangedman_decor_lopped,
          uniq_crazy_yiuf_cottage, uniq_robin

Skill      XL: |  1  2  3 |
---------------+----------+-----
Dodging        | 3 4 |  4.6
Stealth        | 1 2 3 |  3.3
Fighting       | |  1.0
Unarmed Combat | |  3.0
Spellcasting   | |  2.0
Transmutations | |  2.1

Action                   || total
-------------------------++-------
Melee: Unarmed           ||   117
       Bite              ||    11
       Headbutt          ||     9
 Cast: Beastly Appendage ||    13
  Use: Potion            ||     2
 Stab: Sleeping          ||     4
       Invisible         ||     1
  Eat: Chunk             ||    10
Armor: Skin              ||    12
Dodge: Dodged            ||   113

Table legend:
 A = Non-vault XP
 B = Vault XP
 C = Vault XP percentage of total XP
 D = Non-vault monster count
 E = Vault monster count
 F = Vault count percentage of total count
                 A         B        C        D         E       F
            +---------+---------+-------+---------+---------+-------
      Total |      82 |      10 |  10.9 |      34 |       6 |  15.0
            +---------+---------+-------+---------+---------+-------
        D:1 |      32 |       1 |   3.0 |      19 |       1 |   5.0
        D:2 |      50 |       9 |  15.3 |      15 |       5 |  25.0
            +---------+---------+-------+---------+---------+-------
